 Dungeon Crawl Stone Soup version 0.26.0-10-g1f06aea511 (webtiles) character file.

Game seed: 17630506975121114322

53 Borgoz the Ducker (level 3, -7/30 HPs)
             Began as a Ghoul Gladiator on Feb 1, 2021.
             Mangled by Terence
             ... wielding a +4 trident
              (8 damage)
             ... on level 2 of the Dungeon.
             The game lasted 00:01:50 (885 turns).

Borgoz the Ducker (Ghoul Gladiator)                  Turns: 885, Time: 00:01:51

Health: -7/30      AC:  6    Str: 17    XL:     3   Next: 87%
Magic:  2/2        EV: 11    Int:  3    God:
Gold:   39         SH:  0    Dex: 11    Spells: 2/2 levels left

rFire    + . .     SeeInvis .   a - +0 long sword
rCold    + + .     Faith    .   (no shield)
rNeg     + + +     Spirit   .   f - +0 ring mail
rPois    ∞         Reflect  .   c - +0 helmet
rElec    +         Harm     .   (no cloak)
rCorr    +         Rampage  .   (no gloves)
Will     .....                  (no boots)
Stlth    +.........             (no amulet)
HPRegen  0.00/turn              (no ring)
MPRegen  0.08/turn              (no ring)

@: resistant
A: claws 1, cold resistance 1, negative energy resistance 3, inhibited
regeneration, torment resistance, unbreathing
a: no special abilities


You were on level 2 of the Dungeon.
You visited 1 branch of the dungeon, and saw 2 of its levels.

You collected 39 gold pieces.

Inventory:

Hand Weapons
 a - a +0 long sword (weapon)
Missiles
 d - a throwing net (quivered)
Armour
 c - a +0 helmet (worn)
 f - a +0 ring mail (worn)
Scrolls
 b - a scroll of identify {unknown}
 e - a scroll of fog {unknown}


   Skills:
 + Level 2.9 Fighting
 + Level 3.1 Long Blades
 + Level 2.3 Throwing
 + Level 3.1 Dodging


You had 2 spell levels left.
You didn't know any spells.
Your spell library was empty.

Dungeon Overview and Level Annotations

Branches:
Dungeon (2/15)

Altars:

Annotations:
D:2 Terence


Innate Abilities, Weirdness & Mutations

You thrive by killing the living.
You are immune to poison.
You have sharp fingernails.
Your flesh is cold resistant. (rC+)
You are immune to negative energy. (rN+++)
You do not regenerate when monsters are visible.
You are immune to unholy pain and torment.
You can survive without breathing.


Message History

Terence is heavily wounded.
Terence struggles against the net.
The worm bites you.
* * * LOW HITPOINT WARNING * * *
You hit Terence but do no damage.
Terence is heavily wounded.
Terence struggles against the net. x2
You strike the helpless Terence from behind!
You hit Terence.
Terence is heavily wounded.
The worm bites you.
* * * LOW HITPOINT WARNING * * *
Terence struggles against the net.
The net rips apart, and Terence comes free!
There are no items here.
Throw: 2 throwing nets
Press: ? - help, Q - select action Shift-Dir - straight line, f/p - Terence
Aim: Terence, wielding a +4 trident and wearing a +0 scale mail (heavily wounded)
You throw a throwing net. The throwing net barely misses Terence.
Terence hits you with a +4 trident!
You die...

.# .# ####.## #....[#
#.....# #####.....#
....... #<..w@..$.#
..>.....###.###@....#
..$..?..##..@.......#
............###.....#
...........## #.....#
............###.....#
#...........$..(......
#.......<......#....#..
#........####...(......


You could see Terence and a worm.

Vanquished Creatures
  2 adders
  An ooze (D:1)
  A dart slug (D:1)
  A leopard gecko (D:2)
  2 bats (D:1)
  7 hobgoblins
  3 jackals (D:1)
  5 goblins (D:1)
  A kobold (D:1)
  2 rats (D:1)
25 creatures vanquished.

Notes
Turn   | Place    | Note
-------+----------+-------------------------------------------
     0 | D:1      | Borgoz the Ghoul Gladiator began the quest for the Orb.
     0 | D:1      | Reached XP level 1. HP: 17/17 MP: 0/0
    46 | D:1      | Reached XP level 2. HP: 11/25 MP: 1/1
   447 | D:1      | Reached XP level 3. HP: 30/30 MP: 2/2
   764 | D:2      | Noticed Terence
   884 | D:2      | HP: 1/30 [worm (4)]
   885 | D:2      | Mangled by Terence

Illustrated notes

Levels and vault maps discovered:
D:1:      dpeg_arrival_rooms_c, layout_loops_ring
D:2:      cheibrodos_greedy_goblins, layout_rooms, mrwooster_statue_mirror,
          uniq_natasha, uniq_terence

Skill      XL: |  1  2 |
---------------+-------+-----
Throwing       | 2 |  2.3
Dodging        | 3 |  3.1
Long Blades    | 3 |  3.1
Fighting       | |  2.9

Action                   || total
-------------------------++-------
Melee: Long sword        ||    58
Throw: Throwing net      ||     2
  Use: Potion            ||     1
 Stab: Held in net/web   ||     1
Armor: Leather armour    ||     8
       Ring mail         ||    18
Dodge: Dodged            ||    40
       Rpst.: Long sword ||    12
